 Dungeon Crawl Stone Soup version 0.29-a0-504-gec6baf379c (webtiles) character file.

Game seed: 8277433492249835958

183 MeArio the Shield-Bearer (level 5, -8/34 (42) HPs)
             Began as a Minotaur Fighter on May 27, 2022.
             Mangled by Edmund
             ... wielding a +3 flail of draining
              (9 damage)
             ... on level 4 of the Dungeon on May 28, 2022.
             The game lasted 00:13:05 (3941 turns).

MeArio the Shield-Bearer (Minotaur Fighter)         Turns: 3941, Time: 00:13:05

HP:   -8/34 (42)    AC:  8    Str: 23    XL:     5   Next: 35%
MP:   4/4           EV:  9    Int:  5    God:
Gold: 161           SH:  5    Dex:  9    Spells: 4/4 levels left

rFire   . . .      SeeInvis .   a - +0 long sword
rCold   . . .      Faith    +   c - +1 buckler
rNeg    . . .      Spirit   .   b - +0 scale mail
rPois   .          Reflect  .   (helmet restricted)
rElec   .          Harm     .   j - +0 cloak
rCorr   .          Rampage  .   (no gloves)
Will    .....                   (no boots)
Stlth   ..........              g - amulet of faith
HPRegen 0.11/turn               (no ring)
MPRegen 0.09/turn               (no ring)

@: heavily drained, invisible
A: reduced essence, horns 2, retaliatory headbutt
a: no special abilities


You were on level 4 of the Dungeon.
You visited 2 branches of the dungeon, and saw 5 of its levels.

You collected 161 gold pieces.

Inventory:

Hand Weapons
 a - a +0 long sword (weapon)
Missiles
 i - 7 javelins
 n - 4 poisoned darts (quivered)
 r - a throwing net
Armour
 b - a +0 scale mail (worn)
 c - a +1 buckler (worn)
 j - a +0 cloak (worn)
Jewellery
 g - an amulet of faith (around neck)
Wands
 p - a wand of charming (7)
Scrolls
 k - a scroll of amnesia {unknown}
 l - 2 scrolls of teleportation
 s - a scroll of identify
Potions
 e - a potion of invisibility
 f - a potion of haste {unknown}
 h - 2 potions of resistance {unknown}
 m - a potion of heal wounds {unknown}
 o - 2 potions of curing {unknown}
 q - a potion of degeneration {unknown}


   Skills:
 + Level 4.8 Fighting
 + Level 4.0 Long Blades
 + Level 4.8 Armour
 + Level 4.8 Shields


You had 4 spell levels left.
You didn't know any spells.
Your spell library contained the following spells:

 Spells                   Type           Power      Damage    Failure   Level
 Gell's Gravitas          Tloc           0%         N/A       99%         3
 Lesser Beckoning         Tloc           0%         N/A       99%         3
 Teleport Other           Tloc           0%         N/A       99%         3


Dungeon Overview and Level Annotations

Branches:
Dungeon (4/15)             Temple (1/1) D:4

Altars:
Cheibriados
Fedhas
Hepliaklqana
Kikubaaqudgha
Makhleb
Nemelex Xobeh
Ru
Trog
Wu Jian
Xom
Yredelemnul

Shops:
D:2 (   D:3 *   D:4 [

Annotations:
D:4 Edmund


Innate Abilities, Weirdness & Mutations

Your life essence is reduced to manifest your ancestor. (-10% HP)
You have a pair of horns on your head.
You reflexively headbutt those who attack you in melee.


Message History

Edmund unwields a +3 flail of draining.
Edmund wields a +0 hunting sling.
Edmund shoots a sling bullet.
The sling bullet hits you but does no damage.
Things that are here:
a +0 giant spiked club; an ogre corpse; a dart slug corpse
Press: ? - help, v - describe, . - travel
Here: Edmund, wielding a +0 hunting sling and wearing a +0 leather armour An open door.
Edmund unwields a +0 hunting sling.
Edmund wields a +3 flail of draining.
You sense an unholy aura.
Edmund hits you with a +3 flail of draining.
You feel drained.
You hit Edmund.
Edmund is lightly wounded.
Edmund hits you with a +3 flail of draining.
You feel drained.
You slash Edmund!
Edmund is moderately wounded.
Edmund hits you with a +3 flail of draining.
You feel drained.
You hit Edmund.
Edmund is moderately wounded.
Edmund hits you with a +3 flail of draining.
* * * LOW HITPOINT WARNING * * *
You feel drained.
A howler monkey comes into view.
Edmund hits you but does no damage.
You feel drained.
You hit Edmund. You headbutt Edmund.
Edmund is heavily wounded.
You block Edmund's attack.
You slash Edmund!
Edmund is severely wounded.
Edmund hits you with a +3 flail of draining!
* * * LOW HITPOINT WARNING * * *
You feel drained.
* * * LOW HITPOINT WARNING * * *
Okay, then.
You fade into invisibility!
Edmund hits you with a +3 flail of draining!
You die...

*,,,###...#.# #.#******** *,
*,,,#.......# ###*,,,,,,***,
,,,,#.#...#########**,,,,,,,,,**,
,,,*#.##..........#*,,,.,,,,,,,*,
,,,*#.##.#######)##,,,..,≈,,,,,*,
,,,*#.##.# #.#*,,.≈≈≈,≈,,,,+,
,,,*#.##.# #.#,,..≈.,,≈,,,,**
,,,*#.##.# #)#,...≈O≈,≈,,,,*
****#.##.# #@#....≈.,,≈,,,,* *
#.##.# #.@....§.≈≈≈,,,** * #.##.#
###.....≈,,,,,,* * #.##[#
*......,,,,,** * #.##.#
**.....,,,,** * #....#
*#....,,*** * ###### *####***
**** ,,<*


You could see Edmund (can't see you).

Vanquished Creatures
  An ogre (D:4)
  A centaur (D:4)
  A phantom (D:4)
  An orc wizard (D:4)
  4 gnolls
  3 adders
  A worm (D:3)
  2 dart slugs
  3 orcs
  3 endoplasms
  2 giant cockroaches
  7 goblins
  4 hobgoblins
  2 jackals (D:3)
  5 quokkas
  5 ball pythons
  4 bats (D:1)
  2 frilled lizards (D:1)
  13 kobolds
  5 rats
69 creatures vanquished.

Notes
Turn   | Place    | Note
-------+----------+-------------------------------------------
     0 | D:1      | MeArio the Minotaur Fighter began the quest for the Orb.
     0 | D:1      | Reached XP level 1. HP: 19/19 MP: 0/0
   194 | D:1      | Reached XP level 2. HP: 22/27 MP: 1/1
   466 | D:1      | Upgraded the game from 0.29-a0-492-g10b964d8d7 to
                  | 0.29-a0-504-gec6baf379c
  1072 | D:1      | Reached XP level 3. HP: 27/33 MP: 2/2
  1205 | D:2      | Found Ebali's Antique Weapon Boutique.
  1352 | D:2      | Found a faded altar of an unknown god.
  1851 | D:3      | Found Fixeor Riukk's General Store.
  2576 | D:4      | Reached XP level 4. HP: 33/40 MP: 3/3
  2708 | D:4      | Noticed a phantom
  2715 | D:4      | Killed a phantom
  2716 | D:4      | Reached XP level 5. HP: 47/47 MP: 4/4
  3008 | D:4      | Found Onuidoi's Antique Armour Shoppe.
  3125 | D:4      | Found a staircase to the Ecumenical Temple.
  3132 | Temple   | Entered the Ecumenical Temple
  3343 | Temple   | Became a worshipper of Hepliaklqana the Forgotten
  3392 | D:4      | Fell from the grace of Hepliaklqana
  3842 | D:4      | Noticed an ogre
  3842 | D:4      | Noticed a centaur
  3856 | D:4      | Killed a centaur
  3862 | D:4      | Killed an ogre
  3933 | D:4      | Noticed Edmund
  3940 | D:4      | HP: 1/34 [Edmund/+3 flail of draining (3)]
  3941 | D:4      | Mangled by Edmund

Illustrated notes

Levels and vault maps discovered:
D:1:      minmay_arrival_widening_spiral_narrow, layout_basic
D:2:      layout_rooms, serial_shops, nicolae_shop_overgrown_old_shop,
          hellmonk_ecumenical_altar_leap_of_faith, small_statue_intersection
D:3:      layout_basic, serial_shops, nicolae_shop_statue_plus
D:4:      layout_basic, nicolae_overflow_crystal_walls,
          minmay_temple_entry_wispy, serial_shops, nicolae_shop_hallway_plus,
          kennysheep_potato, uniq_natasha, uniq_edmund
Temple:   minmay_temple_curvy_loop

Skill      XL: |  1  2  3  4  5 |
---------------+----------------+-----
Shields        | 4 |  4.8
Fighting       | 4 |  4.8
Armour         | 4 |  4.8
Long Blades    | 3 4 |  4.0

Action                   |  1- 3 |  4- 6 || total
-------------------------+-------+-------++-------
Melee: Long sword        |   122 |    72 ||   194
       Headbutt          |    14 |     7 ||    21
Throw: Javelin           |       |     3 ||     3
Invok: Renounce Religion |       |     1 ||     1
  Use: Scroll            |     3 |     2 ||     5
       Potion            |       |     2 ||     2
Armor: Scale mail        |    52 |    43 ||    95
Dodge: Dodged            |    62 |    23 ||    85
Block: Buckler           |    34 |    11 ||    45

Table legend: (Time is in decaauts)
 A = Elapsed time spent in this place.
 B = Non-inter-level travel time spent in this place.
 C = Inter-level travel time spent in this place.
 D = Time resting spent in this place.
 E = Time spent auto-exploring this place.
 F = Levels seen in this place.
 G = Mean time per level.
                   A        B        C        D        E       F      G
               +--------+--------+--------+--------+--------+-----+--------+
         Total |   4002 |   3867 |    135 |    357 |   2680 |   5 |  800.4 |
       Dungeon |   3755 |   3655 |    100 |    357 |   2485 |   4 |  938.8 |
        Temple |    246 |    211 |     35 |      0 |    195 |   1 |  246.0 |
               +--------+--------+--------+--------+--------+-----+--------+

Top non-repeatable levels by time:
     D:1: 1088 daAuts
     D:4: 1013 daAuts
     D:3: 981 daAuts
     D:2: 671 daAuts
  Temple: 246 daAuts
